 Dungeon Crawl Stone Soup version 0.29.0-11-gd7f09526c8 (webtiles) character file.

Game seed: 17800339972677032759

110 funkygono the Firebug (level 4, -7/25 HPs)
             Began as a Gargoyle Fire Elementalist on Sept 3, 2022.
             Mangled by Crazy Yiuf
             ... wielding a +2 quarterstaff of chaos
              (11 damage)
             ... on level 2 of the Dungeon.
             The game lasted 00:05:08 (3006 turns).

funkygono the Firebug (Gargoyle Fire Elementalist)  Turns: 3006, Time: 00:05:08

Health: -7/25      AC:  5    Str: 12    XL:     4   Next: 91%
Magic:  1/7        EV: 12    Int: 17    God:
Gold:   81         SH:  0    Dex: 10    Spells: 2/8 levels left

rFire   . . .      SeeInvis .   d - +0 mace
rCold   . . .      Faith    .   (no shield)
rNeg    + . .      Spirit   .   a - +0 robe
rPois   ∞          Reflect  .   (no helmet)
rElec   +          Harm     .   (no cloak)
rCorr   .          Rampage  .   (no gloves)
Will    .....                   (no boots)
Stlth   ++........              (no amulet)
HPRegen 0.08/turn               (no ring)
MPRegen 0.10/turn               (no ring)

@: very slightly contaminated
A: sickness immunity, AC +3, negative energy resistance 1, electricity
resistance, torment resistance 1, petrification resistance
a: no special abilities


You were on level 2 of the Dungeon.
You visited 1 branch of the dungeon, and saw 2 of its levels.

You collected 81 gold pieces.

Inventory:

Hand Weapons
 d - a +0 mace (weapon)
 e - a +0 whip
Armour
 a - a +0 robe (worn)
Scrolls
 h - 2 scrolls of magic mapping {unknown}
 i - 4 scrolls of identify {unknown}
 j - a scroll of acquirement {unknown}
 l - a scroll of poison {unknown}
Potions
 b - a potion of magic
 c - 3 potions of degeneration {unknown}
 f - a potion of flight {unknown}
 g - a potion of invisibility {unknown}
 k - a potion of curing {unknown}


   Skills:
 + Level 1.1 Fighting
 + Level 1.0 Maces & Flails
 + Level 2.1 Dodging
 + Level 2.6 Stealth
 + Level 2.5 Spellcasting
 + Level 2.0 Conjurations
 + Level 3.7 Fire Magic


You had 2 spell levels left.
You knew the following spells:

 Your Spells              Type           Power      Damage    Failure   Level
a - Foxfire               Conj/Fire      48%        2x1d6     5%          1
b - Scorch                Fire           30%        2d6       6%          2
c - Conjure Flame         Conj/Fire      12%        6-21      17%         3

Your spell library contained the following spells:

 Spells                   Type           Power      Damage    Failure   Level
 Apportation              Tloc           4%         N/A       19%         1
 Necrotise                Necr           8%         1d4       19%         1
 Summon Small Mammal      Summ           8%         N/A       19%         1
 Inner Flame              Hex/Fire       8%         N/A       26%         3
 Flame Wave               Conj/Fire      12%        2d6       50%         4


Dungeon Overview and Level Annotations

Branches:
Dungeon (2/15)

Altars:

Shops:
D:1 !

Annotations:
D:2 Crazy Yiuf


Innate Abilities, Weirdness & Mutations

You are immune to sickness and miasma.
Your stone body is resilient. (AC +3)
You are immune to poison.
You resist negative energy. (rN+)
You are resistant to electric shocks. (rElec)
You are resistant to unholy torment.
You are immune to petrification.


Message History

Confirm with . or Enter, or press ? or * to list all spells.
Okay, then.
Casting: Foxfire (safe; 5% risk of failure)
Confirm with . or Enter, or press ? or * to list all spells.
Flames lash Crazy Yiuf.
Crazy Yiuf shouts!
Crazy Yiuf is heavily wounded.
Crazy Yiuf's fire resistance burns away.
Crazy Yiuf yells, "Fluff!"
Crazy Yiuf misses you.
Casting: Scorch (safe; 6% risk of failure)
Confirm with . or Enter, or press ? or * to list all spells.
Flames lash Crazy Yiuf.
Crazy Yiuf is heavily wounded.
Crazy Yiuf hits you with a +2 quarterstaff of chaos.
Unknown command.
Casting: Scorch (safe; 6% risk of failure)
Confirm with . or Enter, or press ? or * to list all spells.
You miscast Scorch.
You are very lightly contaminated with residual magic.
Nothing appears to happen.
Crazy Yiuf grits, "Two!"
Crazy Yiuf hits you with a +2 quarterstaff of chaos.
Space warps around you.
Casting: Scorch (safe; 6% risk of failure)
Confirm with . or Enter, or press ? or * to list all spells.
You don't have enough magic to cast this spell.
You hit Crazy Yiuf.
Crazy Yiuf is severely wounded.
Crazy Yiuf hits you with a +2 quarterstaff of chaos!
* * * LOW HITPOINT WARNING * * *
You hit Crazy Yiuf.
Crazy Yiuf is severely wounded.
Crazy Yiuf closely misses you.
Crazy Yiuf flaps his cloak.
Crazy Yiuf hits you but does no damage.
You barely miss Crazy Yiuf.
Crazy Yiuf is severely wounded.
Crazy Yiuf hits you with a +2 quarterstaff of chaos!
You die...

#.# #. ..########
###########.
..##.....#
#'..........
..##...(.# #####
##########..
.###.....# #..)#
######..
...#.....### #...#
#.......
...'.....''# ...
#.......
.#<#.....### #g#
#####.......
...'.......# ##@#
#...........
.#.#.......# #.##
#######.#...
.#.###.....# ##.#
#####.......
.#.###.....# #.##
#...#.......
...........# ##.##
#...#.......
...###.#.### #...##
#...#.......
.#.###.#.# #..P.#
#...#.......
.#.....#.### ##..##
#...........
.#.###.#...###....#
##...........


You could see Crazy Yiuf (combustible).

Vanquished Creatures
  4 gnolls (D:2)
  2 adders (D:2)
  A dart slug (D:1)
  6 endoplasms
  2 giant cockroaches (D:1)
  3 goblins
  3 hobgoblins
  6 jackals (D:1)
  6 quokkas
  2 ball pythons
  5 bats (D:1)
  2 frilled lizards
  4 kobolds
  3 rats
49 creatures vanquished.

Vanquished Creatures (collateral kills)
  A foxfire (D:1)
1 creature vanquished.

Vanquished Creatures (others)
  108 foxfires
  4 fungi
  84 plants (D:1)
196 creatures vanquished.

Grand Total: 246 creatures vanquished

Notes
Turn   | Place    | Note
-------+----------+-------------------------------------------
     0 | D:1      | funkygono the Gargoyle Fire Elementalist began the quest
                  | for the Orb.
     0 | D:1      | Reached XP level 1. HP: 10/10 MP: 3/3
   201 | D:1      | Reached XP level 2. HP: 16/16 MP: 1/5
   272 | D:1      | Found a faded altar of an unknown god.
   796 | D:1      | Reached XP level 3. HP: 8/20 MP: 4/6
  1045 | D:1      | Learned a level 2 spell: Scorch
  1049 | D:1      | Learned a level 3 spell: Conjure Flame
  1433 | D:1      | Found Piwneydgh's Distillery.
  1674 | D:2      | Reached skill level 1 in Fighting
  1695 | D:2      | Reached XP level 4. HP: 25/25 MP: 1/7
  2342 | D:2      | Found a runed translucent door.
  2354 | D:2      | Noticed Crazy Yiuf
  2789 | D:2      | Reached skill level 1 in Maces & Flails
  3006 | D:2      | Mangled by Crazy Yiuf

Illustrated notes

Levels and vault maps discovered:
D:1:      roderic_crop_circles_arrival_small, layout_loops_cross, serial_shops,
          shop, shapermc_ecumenical_altar_ellora
D:2:      layout_basic, uniq_crazy_yiuf_cottage

Skill      XL: |  1  2  3  4 |
---------------+-------------+-----
Fighting       | 1 |  1.1
Dodging        | 2 |  2.1
Maces & Flails | 1 |  1.0
Conjurations   | 2 |  2.0
Stealth        | |  2.6
Spellcasting   | |  2.5
Fire Magic     | |  3.7

Action                   |  1- 3 |  4- 6 || total
-------------------------+-------+-------++-------
Melee: Unarmed           |    11 |       ||    11
       Mace              |   123 |    21 ||   144
 Cast: Foxfire           |    46 |    20 ||    66
       Scorch            |       |     3 ||     3
 Stab: Sleeping          |     1 |       ||     1
Armor: Robe              |    33 |     1 ||    34
Dodge: Dodged            |    50 |    20 ||    70
